 Dungeon Crawl Stone Soup version 0.31-a0-263-ge8cad7f256 (webtiles) character file.

Game seed: 11558270835004809471

135 qw the Shooter (level 5, -5/30 HPs)
             Began as a Gargoyle Hexslinger on July 13, 2023.
             Slain by a gnoll
             ... wielding a +0 flail of holy wrath
              (10 damage)
             ... on level 3 of the Dungeon.
             The game lasted 00:00:56 (1583 turns).

qw the Shooter (Gargoyle Hexslinger)                Turns: 1583, Time: 00:00:57

Health: -5/30      AC: 10    Str: 17    XL:     5   Next: 18%
Magic:  6/6        EV: 11    Int: 14    God:
Gold:   144        SH:  0    Dex: 14    Spells: 5/6 levels left

rFire   . . .        Y - +3 sling
rCold   . . .        (no shield)
rNeg    + . .        h - +0 ring mail
rPois   inf          (no helmet)
rElec   +            (no cloak)
rCorr   .            j - +0 pair of gloves
SInv    .            (no boots)
Will    .....        (no amulet)
Stlth   +            b - +6 ring of strength
HPRegen 0.25/turn    (no ring)
MPRegen 0.10/turn

%: no passive effects
@: no status effects
A: sickness immunity, AC +4, negative energy resistance 1, electricity
resistance, torment resistance 1, petrification resistance
a: no special abilities


You were on level 3 of the Dungeon.
You visited 1 branch of the dungeon, and saw 3 of its levels.

You collected 144 gold pieces.


Innate Abilities, Weirdness & Mutations

You are immune to sickness and miasma.
Your stone body is resilient. (AC +4)
You are immune to poison.
You resist negative energy. (rN+)
You are resistant to electric shocks. (rElec)
You are resistant to unholy torment.
You are immune to petrification.


   Skills:
 - Level 2.0 Fighting
 + Level 4.8 Ranged Weapons
 - Level 1.0 Armour
 - Level 1.5 Dodging
 - Level 1.0 Spellcasting
 - Level 2.6 Hexes


You had 5 spell levels left.
You knew the following spells:

 Your Spells              Type           Power      Damage    Failure   Level
a - Slow                  Hex            32%        N/A       16%         1

Your spell library contained the following spells:

 Spells                   Type           Power      Damage    Failure   Level
 Inner Flame              Hex/Fire       4%         N/A       63%         3
 Portal Projectile        Hex/Tloc       8%         N/A       63%         3
 Cause Fear               Hex            4%         N/A       85%         4

Inventory:

Hand Weapons
 Y - a +3 sling (weapon)
Armour
 h - a +0 ring mail (worn)
 j - a +0 pair of gloves (worn)
Jewellery
 b - a +6 ring of strength (left hand)
Potions
 d - a potion of enlightenment {unknown}
 e - a potion of berserk rage {unknown}
 f - a potion of mutation {unknown}
 g - a potion of brilliance {unknown}

Dungeon Overview and Level Annotations

Branches:
Dungeon (3/15)

Altars:


Message History

You shoot a sling bullet. The sling bullet hits the gnoll.
The gnoll is severely wounded.
You shoot a sling bullet. The sling bullet hits the gnoll.
The gnoll is almost dead.
You shoot a sling bullet. The sling bullet hits the gnoll.
You kill the gnoll!
You see here a +0 whip.
You now have 144 gold pieces (gained 7).
A gnoll comes into view.
It is wielding a +0 flail of holy wrath.
The gnoll shouts!
You hear a shout!
A gnoll comes into view.
It is wielding a +2 flail of protection.
You shoot a sling bullet. The sling bullet hits the gnoll.
The gnoll is lightly wounded.
You shoot a sling bullet. The sling bullet hits the gnoll.
The gnoll is moderately wounded.
You shoot a sling bullet.
The sling bullet closely misses the gnoll.
The gnoll closely misses you.
You shoot a sling bullet.
The sling bullet barely misses the gnoll.
The gnoll hits you with a +0 flail of holy wrath.
You shoot a sling bullet.
The sling bullet barely misses the gnoll.
The gnoll hits you with a +0 flail of holy wrath.
You shoot a sling bullet.
The sling bullet barely misses the gnoll.
The gnoll hits you with a +0 flail of holy wrath.
The gnoll barely misses you. The gnoll closely misses you.
The gnoll hits you with a +0 flail of holy wrath.
You shoot a sling bullet. The sling bullet hits the gnoll.
The gnoll is severely wounded.
The gnoll barely misses you.
The gnoll hits you with a +2 flail of protection!
You shoot a sling bullet.
The sling bullet barely misses the gnoll.
The gnoll completely misses you. The gnoll barely misses you.
You shoot a sling bullet. The sling bullet hits the gnoll.
The gnoll is almost dead.
The gnoll hits you with a +0 flail of holy wrath!
You die...

. ##. #.. # #.# ##
#. #.# #.. ..
..##.##.## #.# .#
......g..# #.##.#
....##g@.# #.#..#
.........# ##.#.#
....#....###....###
... #...).........#
.
#.#..###).....##.#
#.........<......#
#.#..####.#...#..#
......# #.#...#
.......# #.#.....


You could see 2 gnolls.

Vanquished Creatures
  Jessica (D:2)
  A gnoll (D:3)
  3 adders (D:2)
  3 worms (D:2)
  4 dart slugs
  6 endoplasms
  2 giant cockroaches
  4 goblins
  4 hobgoblins
  2 jackals (D:2)
  9 kobolds
  5 quokkas
  3 ball pythons
  4 bats
  3 frilled lizards
  4 rats
58 creatures vanquished.

Notes
Turn   | Place    | Note
-------+----------+-------------------------------------------
     0 | D:1      | qw the Gargoyle Hexslinger began the quest for the Orb.
     0 | D:1      | Reached XP level 1. HP: 12/12 MP: 2/2
     0 | D:1      | 0 ||| qw: Version: 0.3-a-52-g30416fa
     0 | D:1      | 0 ||| qw: Game counter: 7080
     0 | D:1      | 0 ||| qw: Melee chars always use a shield: true
     0 | D:1      | 0 ||| qw: God list: Okawaru
     0 | D:1      | 0 ||| qw: Allow faded altars: false
     0 | D:1      | 0 ||| qw: Do Orc after clearing Dungeon:15 true
     0 | D:1      | 0 ||| qw: Do second Lair branch before Depths: true
     0 | D:1      | 0 ||| qw: Lair rune preference: random
     0 | D:1      | 0 ||| qw: Goals: Normal
     0 | D:1      | 0 ||| PLANNING D:1-11
   156 | D:1      | Reached XP level 2. HP: 16/16 MP: 3/3
   286 | D:1      | Reached skill level 3 in Ranged Weapons
   470 | D:1      | Reached XP level 3. HP: 21/21 MP: 4/4
   712 | D:1      | 712 ||| UPGRADING to +0 ring mail.
   722 | D:1      | 722 ||| DROPPING +0 robe.
   723 | D:1      | 723 ||| UPGRADING to +0 pair of gloves.
   728 | D:1      | 728 ||| READING scroll labelled VIGHIY VAQUOX.
   729 | D:1      | 729 ||| READING scroll labelled DUORIU TUOM.
   730 | D:1      | 730 ||| READING scroll labelled MAFYFA YRHAF.
   731 | D:1      | 731 ||| DROPPING scroll of poison.
   771 | D:2      | Found a faded altar of an unknown god.
   818 | D:2      | Noticed Jessica
   821 | D:2      | Reached skill level 1 in Armour
   825 | D:2      | Killed Jessica
   826 | D:2      | Reached XP level 4. HP: 17/26 MP: 5/5
   826 | D:2      | 826 ||| FLEEEEING.
   827 | D:2      | 827 ||| FLEEEEING.
   828 | D:2      | 828 ||| FLEEEEING.
   829 | D:2      | 829 ||| FLEEEEING.
   830 | D:2      | 830 ||| FLEEEEING.
   831 | D:2      | 831 ||| FLEEEEING.
   832 | D:2      | 832 ||| FLEEEEING.
   833 | D:2      | 833 ||| FLEEEEING.
   834 | D:2      | 834 ||| FLEEEEING.
   835 | D:2      | 835 ||| FLEEEEING.
   836 | D:2      | 836 ||| FLEEEEING.
   837 | D:2      | 837 ||| FLEEEEING.
   838 | D:2      | 838 ||| FLEEEEING.
   839 | D:2      | 839 ||| FLEEEEING.
   840 | D:2      | 840 ||| FLEEEEING.
   841 | D:2      | 841 ||| FLEEEEING.
   842 | D:2      | 842 ||| FLEEEEING.
   843 | D:2      | 843 ||| FLEEEEING.
   844 | D:2      | 844 ||| FLEEEEING.
   845 | D:2      | 845 ||| FLEEEEING.
   846 | D:2      | 846 ||| STAIRDANCE
   861 | D:1      | 861 ||| DRINKING 2 metallic silvery potions.
   862 | D:1      | 862 ||| DROPPING potion of attraction.
   870 | D:2      | 870 ||| STAIRDANCE
  1056 | D:2      | Reached skill level 4 in Ranged Weapons
  1132 | D:2      | 1132 ||| READING scroll of enchant weapon.
  1132 | D:2      | 1132 ||| ENCHANTING +2 sling.
  1262 | D:2      | HP: 6/26 [worm (2)]
  1409 | D:2      | Reached XP level 5. HP: 30/30 MP: 6/6
  1488 | D:2      | 1488 ||| UPGRADING to +6 ring of strength.
  1489 | D:2      | 1489 ||| READING scroll labelled CAOCVA BUCKUNK.
  1490 | D:2      | 1490 ||| READING scroll labelled ESTRE OFATTI.
  1491 | D:2      | 1491 ||| READING scroll labelled ECSYCA GE JAE.
  1492 | D:2      | 1492 ||| READING scroll labelled HEGROPARRAG.
  1518 | D:3      | 1518 ||| STAIRDANCE
  1581 | D:3      | HP: 4/30 [gnoll/+2 flail of protection (10)]
  1583 | D:3      | Slain by a gnoll

Levels and vault maps discovered:
D:1:      lightli_arrival_windingriver, layout_loops_ring, chequers_arboretum,
          st_stairs_14
D:2:      layout_rooms, serial_curves, eino_curves_03, eino_curves_04,
          eino_curves_03, nicolae_ecumenical_lake_church, minmay_between,
          uniq_jessica
D:3:      layout_loops_ring, yredelemnul_altar_generic, serial_shops,
          nicolae_shop_peninsula

Skill      XL: |  1  2  3  4 |
---------------+-------------+-----
Ranged Weapons | 3 4 |  4.8
Fighting       | 2 |  2.0
Armour         | 1 |  1.0
Dodging        | |  1.5
Spellcasting   | |  1.0
Hexes          | |  2.6

Action                     |  1- 3 |  4- 6 || total
---------------------------+-------+-------++-------
   Fire: Sling             |    99 |   115 ||   214
    Use: Scroll            |     3 |     5 ||     8
         Potion            |       |     1 ||     1
 Armour: Robe              |     9 |       ||     9
         Ring mail         |     3 |    44 ||    47
  Dodge: Dodged            |    20 |    50 ||    70

Table legend:
 A = Non-vault XP
 B = Vault XP
 C = Vault XP percentage of total XP
 D = Non-vault monster count
 E = Vault monster count
 F = Vault count percentage of total count
                 A         B        C        D         E       F
            +---------+---------+-------+---------+---------+-------
      Total |     131 |      62 |  32.1 |      50 |       8 |  13.8
            +---------+---------+-------+---------+---------+-------
        D:1 |      39 |       1 |   2.5 |      25 |       1 |   3.8
        D:2 |      76 |      61 |  44.5 |      23 |       7 |  23.3
        D:3 |      16 |       0 |   0.0 |       2 |       0 |   0.0
            +---------+---------+-------+---------+---------+-------
